SNL (28 & UNDER)
WEST PALM REDS @ WICHITA WRANGLERS
04/21/2023
 
TOP OF THE 1ST
West Palm Reds batting - Pitching for Wichita Wranglers : RHP Alfonso Ortíz
Pitching: RHP Alfonso Ortíz
Batting: RHB Lorenzo Guzmán 0-0: Ground out 5-3 (Groundball, 6)
Batting: LHB Jeff Doss 0-0: Ball
1-0: Called Strike
1-1: Swinging Strike
1-2: Strikes out swinging
Batting: LHB Enrique Cortéz 0-0: Called Strike
0-1: Swinging Strike
0-2: Strikes out swinging
Top of the 1st over - 0 run(s), 0 hit(s), 0 error(s), 0 left on base; West Palm 0 - Wichita 0
BOTTOM OF THE 1ST
Wichita Wranglers batting - Pitching for West Palm Reds : RHP Manabu Mizuno
Pitching: RHP Manabu Mizuno
Batting: RHB Cho-yun Qiao 0-0: Called Strike
0-1: Called Strike
0-2: Strikes out looking
Batting: RHB Anthony Rucker 0-0: Foul Ball, location: 2F
0-1: Foul Ball, location: 2F
0-2: Ball
1-2: Foul Ball, location: 2F
1-2: Foul Ball, location: 2F
1-2: Ball
2-2: Ground out 1-3 (Groundball, 15)
Batting: RHB Bob Hall 0-0: Called Strike
0-1: Ground out 6-3 (Groundball, 6)
Bottom of the 1st over - 0 run(s), 0 hit(s), 0 error(s), 0 left on base; West Palm 0 - Wichita 0
TOP OF THE 2ND
West Palm Reds batting - Pitching for Wichita Wranglers : RHP Alfonso Ortíz
Batting: LHB Jeff McKinney 0-0: Foul Ball, location: 2F
0-1: Called Strike
0-2: Foul Ball, location: 2F
0-2: Ball
1-2: Ball
2-2: Ball
3-2: Strikes out swinging
Batting: SHB Todd Smith 0-0: Foul Ball, location: 2F
0-1: Ball
1-1: Ball
2-1: SINGLE (Line Drive, 9S)
Batting: RHB Jack Ray 0-0: Called Strike
0-1: Ball
1-1: Grounds into double play, U4-3 (Groundball, 4M)
Top of the 2nd over - 0 run(s), 1 hit(s), 0 error(s), 0 left on base; West Palm 0 - Wichita 0
BOTTOM OF THE 2ND
Wichita Wranglers batting - Pitching for West Palm Reds : RHP Manabu Mizuno
Batting: RHB George Clark 0-0: Called Strike
0-1: Ball
1-1: SINGLE (Line Drive, 5D)
Batting: RHB Luis Sánchez 0-0: SINGLE (Line Drive, 6M)
George Clark to second
Batting: LHB Jesús Tobías 0-0: Ball
1-0: Foul Ball, location: 2F
1-1: Called Strike
1-2: Ball
2-2: SINGLE (Groundball, 4M)
George Clark to third
Luis Sánchez to second
Runner from 3rd tries for Home, SAFE, no throw or cutoff
Batting: RHB Don Thomas 0-0: Called Strike
0-1: Ball
1-1: Fly out, F4 (Popup, 4MD)
Batting: LHB Mario Cornelo 0-0: Called Strike
Luis Sánchez steals 3rd base
Jesús Tobías to second
0-1: Ground out 4-3 (Groundball, 4)
Luis Sánchez scores
Jesús Tobías to third
Batting: RHB Jim Beck 0-0: Ball
Wild Pitch!
Jesús Tobías scores
1-0: Ball
2-0: Called Strike
2-1: Ball
3-1: Ground out 5-3 (Groundball, 5)
Bottom of the 2nd over - 3 run(s), 3 hit(s), 0 error(s), 0 left on base; West Palm 0 - Wichita 3
TOP OF THE 3RD
West Palm Reds batting - Pitching for Wichita Wranglers : RHP Alfonso Ortíz
Batting: RHB José Tamayo 0-0: Called Strike
0-1: Ball
1-1: Ball
2-1: Called Strike
2-2: Strikes out swinging
Batting: LHB Bob Martin 0-0: Called Strike
0-1: Called Strike
0-2: Ball
1-2: Ball
2-2: Foul Ball, location: 2F
2-2: SINGLE (Groundball, 4MD)
Batting: SHB Alex Hayes 0-0: Ball
1-0: Ball
2-0: Called Strike
2-1: Ball
3-1: Swinging Strike
3-2: Base on Balls
Bob Martin to second
Batting: RHB Lorenzo Guzmán 0-0: Called Strike
0-1: Swinging Strike
0-2: Fly out, F4 (Line Drive, 34)
Batting: LHB Jeff Doss 0-0: Ball
1-0: Fly out, F9 (Line Drive, 9M)
Top of the 3rd over - 0 run(s), 1 hit(s), 0 error(s), 2 left on base; West Palm 0 - Wichita 3
BOTTOM OF THE 3RD
Wichita Wranglers batting - Pitching for West Palm Reds : RHP Manabu Mizuno
Batting: RHB Cho-yun Qiao 0-0: Ball
1-0: Called Strike
1-1: Ball
2-1: Fly out, F6 (Popup, 5D)
Batting: RHB Anthony Rucker 0-0: Ball
1-0: Foul Ball, location: 2F
1-1: Ball
2-1: Called Strike
2-2: SINGLE (Popup, 8RS)
Batting: RHB Bob Hall 0-0: Ball
1-0: Foul Ball, location: 2F
1-1: Foul Ball, location: 2F
1-2: Ball
2-2: Fly out, F4 (Popup, 6MD)
Batting: RHB George Clark 0-0: Ball
1-0: Foul Ball, location: 2F
1-1: Ball
2-1: Ball
3-1: Fly out, F7 (Flyball, 7S)
Bottom of the 3rd over - 0 run(s), 1 hit(s), 0 error(s), 1 left on base; West Palm 0 - Wichita 3
TOP OF THE 4TH
West Palm Reds batting - Pitching for Wichita Wranglers : RHP Alfonso Ortíz
Batting: LHB Enrique Cortéz 0-0: Ball
1-0: Ball
2-0: Ball
3-0: Base on Balls
Batting: LHB Jeff McKinney 0-0: Called Strike
0-1: Ball
1-1: DOUBLE (Flyball, 8LXD)
Enrique Cortéz to third
Batting: SHB Todd Smith 0-0: Ball
1-0: Ground out 3-1 (Groundball, 34)
Enrique Cortéz scores
Jeff McKinney to third
Batting: RHB Jack Ray 0-0: Fly out, F7 (Flyball, 7S)
Runner from 3rd tags up, SCORES, throw made
Batting: RHB José Tamayo 0-0: Called Strike
0-1: Ball
1-1: Ball
2-1: Foul Ball, location: 2F
2-2: Strikes out swinging
Top of the 4th over - 2 run(s), 1 hit(s), 0 error(s), 0 left on base; West Palm 2 - Wichita 3
BOTTOM OF THE 4TH
Wichita Wranglers batting - Pitching for West Palm Reds : RHP Manabu Mizuno
Batting: RHB Luis Sánchez 0-0: Ball
1-0: Ball
2-0: Foul Ball, location: 2F
2-1: Foul Ball, location: 2F
2-2: Fly out, F7 (Flyball, 7LD)
Batting: LHB Jesús Tobías 0-0: Called Strike
0-1: Foul Ball, location: 2F
0-2: Ball
1-2: Ball
2-2: Ball
3-2: Fly out, F6 (Line Drive, 6M)
Batting: RHB Don Thomas 0-0: Ball
1-0: Foul Ball, location: 2F
1-1: DOUBLE (Groundball, 5L)
Batting: LHB Mario Cornelo 0-0: Ground out 5-3 (Groundball, 56S)
Bottom of the 4th over - 0 run(s), 1 hit(s), 0 error(s), 1 left on base; West Palm 2 - Wichita 3
TOP OF THE 5TH
West Palm Reds batting - Pitching for Wichita Wranglers : RHP Alfonso Ortíz
Batting: LHB Bob Martin 0-0: Foul Ball, location: 2F
0-1: Ball
1-1: Ball
2-1: Fly out, F8 (Flyball, 8LM)
Batting: SHB Alex Hayes 0-0: Foul Ball, location: 2F
0-1: Ground out 5-3 (Groundball, 56S)
Batting: RHB Lorenzo Guzmán 0-0: Ball
1-0: Called Strike
1-1: Ground out 6-3 (Groundball, 6M)
Top of the 5th over - 0 run(s), 0 hit(s), 0 error(s), 0 left on base; West Palm 2 - Wichita 3
BOTTOM OF THE 5TH
Wichita Wranglers batting - Pitching for West Palm Reds : RHP Manabu Mizuno
Batting: RHB Jim Beck 0-0: Ball
1-0: Foul Ball, location: 2F
1-1: Fly out, F9 (Flyball, 9LM)
Batting: RHB Cho-yun Qiao 0-0: Ground out 6-3 (Groundball, 6M)
Batting: RHB Anthony Rucker 0-0: SINGLE (Groundball, 56D)
Batting: RHB Bob Hall 0-0: Ball
1-0: Ball
2-0: Ball
3-0: Called Strike
3-1: Called Strike
3-2: Foul Ball, location: 2F
3-2: SINGLE (Groundball, 5D)
Anthony Rucker to second
Anthony Rucker to third
Batting: RHB George Clark 0-0: Called Strike
0-1: Ball
1-1: Foul Ball, location: 2F
1-2: SINGLE (Groundball, 56)
Anthony Rucker scores
Bob Hall to second
Batting: RHB Luis Sánchez 0-0: Ball
1-0: Foul Ball, location: 2F
1-1: Ball
2-1: Foul Ball, location: 2F
2-2: Ball
3-2: Strikes out looking
Bottom of the 5th over - 1 run(s), 3 hit(s), 0 error(s), 2 left on base; West Palm 2 - Wichita 4
TOP OF THE 6TH
West Palm Reds batting - Pitching for Wichita Wranglers : RHP Alfonso Ortíz
Batting: LHB Jeff Doss 0-0: SINGLE (Groundball, 3D)
Batting: LHB Enrique Cortéz 0-0: Ball
1-0: Ball
2-0: Ball
3-0: Called Strike
3-1: Foul Ball, location: 2F
3-2: Foul Ball, location: 2F
3-2: Base on Balls
Jeff Doss to second
Batting: LHB Jeff McKinney 0-0: Called Strike
0-1: Ball
Single, Error in OF, E9, batter to second base
Jeff Doss scores
Enrique Cortéz to third
Batting: SHB Todd Smith 0-0: Ball
1-0: Ball
2-0: Ball
3-0: Called Strike
3-1: Fly out, F8 (Flyball, 8LD)
Runner from 3rd tags up, SCORES, no throw
Batting: RHB Jack Ray 0-0: Intentional Walk
Batting: RHB José Tamayo 0-0: DOUBLE (Line Drive, 7LM)
Jeff McKinney scores
Jack Ray to third
Batting: LHB Bob Martin 0-0: Ball
1-0: Called Strike
1-1: Ball
2-1: Ball
3-1: Foul Ball, location: 2F
3-2: Base on Balls
Pitching: RHP Pat Ellis
Batting: SHB Alex Hayes 0-0: Swinging Strike
0-1: Ball
1-1: Fly out, F8 (Flyball, 78M)
Runner from 3rd tags up, SCORES, throw made
Batting: RHB Lorenzo Guzmán 0-0: Ball
1-0: Called Strike
1-1: Ball
2-1: Fly out, F7 (Line Drive, 7M)
Top of the 6th over - 4 run(s), 3 hit(s), 1 error(s), 2 left on base; West Palm 6 - Wichita 4
BOTTOM OF THE 6TH
Wichita Wranglers batting - Pitching for West Palm Reds : RHP Manabu Mizuno
Batting: LHB Jesús Tobías 0-0: Called Strike
0-1: Ball
1-1: Fly out, F6 (Popup, 6M)
Batting: RHB Don Thomas 0-0: Called Strike
0-1: Ball
1-1: Foul Ball, location: 2F
1-2: Ball
2-2: Strikes out looking
Batting: LHB Mario Cornelo 0-0: Ball
1-0: Swinging Strike
1-1: Reached on Error, E7 (Flyball, 78S)
Pitching: LHP Francisco Nieto
Batting: RHB Jim Beck 0-0: Fly out, F7 (Flyball, 7S)
Bottom of the 6th over - 0 run(s), 0 hit(s), 1 error(s), 1 left on base; West Palm 6 - Wichita 4
TOP OF THE 7TH
West Palm Reds batting - Pitching for Wichita Wranglers : RHP Pat Ellis
Batting: LHB Jeff Doss 0-0: Ball
1-0: Ball
2-0: Ball
3-0: Base on Balls
Batting: LHB Enrique Cortéz 0-0: Grounds into double play, 1-6-3 (Groundball, 13)
Batting: LHB Jeff McKinney 0-0: Called Strike
0-1: Ground out U3 (Groundball, 3S)
Top of the 7th over - 0 run(s), 0 hit(s), 0 error(s), 0 left on base; West Palm 6 - Wichita 4
BOTTOM OF THE 7TH
Wichita Wranglers batting - Pitching for West Palm Reds : LHP Francisco Nieto
Batting: RHB Cho-yun Qiao 0-0: Called Strike
0-1: SOLO HOME RUN (Flyball, 7D), Distance : 365 ft
Batting: RHB Anthony Rucker 0-0: Ball
1-0: Ground out 5-3 (Groundball, 56S)
Batting: RHB Bob Hall 0-0: Called Strike
0-1: Swinging Strike
0-2: Strikes out looking
Batting: RHB George Clark 0-0: Called Strike
0-1: Ball
1-1: Fly out, F8 (Flyball, 8RM)
Bottom of the 7th over - 1 run(s), 1 hit(s), 0 error(s), 0 left on base; West Palm 6 - Wichita 5
TOP OF THE 8TH
West Palm Reds batting - Pitching for Wichita Wranglers : RHP Pat Ellis
Batting: SHB Todd Smith 0-0: Ball
1-0: Fly out, F5 (Popup, 5F)
Pitching: RHP Eric Hunt
Batting: RHB Jack Ray 0-0: Ball
1-0: Ball
2-0: Called Strike
2-1: Foul Ball, location: 2F
2-2: Foul Ball, location: 2F
2-2: Ground out 1-3 (Groundball, 13S)
Batting: RHB José Tamayo 0-0: Ball
1-0: Ball
2-0: Called Strike
2-1: Ball
3-1: Called Strike
3-2: Foul Ball, location: 2F
3-2: Base on Balls
Batting: LHB Bob Martin 0-0: Ball
1-0: SINGLE (Line Drive, 89M)
José Tamayo to second
Batting: SHB Alex Hayes 0-0: Ball
1-0: SINGLE (Groundball, 13) (infield hit)
José Tamayo to third
Bob Martin to second
Batting: RHB Lorenzo Guzmán 0-0: Called Strike
0-1: Ball
1-1: Fly out, F8 (Flyball, 8RD)
Top of the 8th over - 0 run(s), 2 hit(s), 0 error(s), 3 left on base; West Palm 6 - Wichita 5
BOTTOM OF THE 8TH
Wichita Wranglers batting - Pitching for West Palm Reds : LHP Francisco Nieto
Pitching: RHP Butch Ramey
Now at 1B: Félix García
Batting: RHB Luis Sánchez 0-0: Called Strike
0-1: Ball
1-1: Ball
2-1: Fly out, F5 (Line Drive, 5)
Batting: LHB Jesús Tobías 0-0: Called Strike
0-1: Ball
1-1: Ball
2-1: Foul Ball, location: 2F
2-2: Fly out, F9 (Flyball, 8RM)
Batting: RHB Don Thomas 0-0: Called Strike
0-1: Ground out 5-3 (Groundball, 5L)
Bottom of the 8th over - 0 run(s), 0 hit(s), 0 error(s), 0 left on base; West Palm 6 - Wichita 5
TOP OF THE 9TH
West Palm Reds batting - Pitching for Wichita Wranglers : RHP Eric Hunt
Pitching: LHP Tommy Campbell
Batting: LHB Jeff Doss 0-0: Called Strike
0-1: Ball
1-1: Foul Ball, location: 2F
1-2: SINGLE (Line Drive, 89M)
Pinch Hitting: RHB Juan López 0-0: Foul Ball, location: 2F
0-1: Grounds into double play, 6-4-3 (Groundball, 6)
Batting: LHB Jeff McKinney 0-0: Ball
1-0: Ball
2-0: Foul Ball, location: 2F
2-1: Ball
3-1: Foul Ball, location: 2F
3-2: Foul Ball, location: 2F
3-2: Foul Ball, location: 2F
3-2: DOUBLE (Flyball, 8RXD)
Batting: SHB Todd Smith 0-0: Foul Ball, location: 2F
0-1: SINGLE (Line Drive, 9S)
Jeff McKinney to third
Batting: RHB Jack Ray 0-0: Ball
1-0: Called Strike
1-1: Ball
2-1: Foul Ball, location: 2F
2-2: Foul Ball, location: 2F
2-2: Foul Ball, location: 2F
2-2: Ground out 4-3 (Groundball, 4S)
Top of the 9th over - 0 run(s), 3 hit(s), 0 error(s), 2 left on base; West Palm 6 - Wichita 5
BOTTOM OF THE 9TH
Wichita Wranglers batting - Pitching for West Palm Reds : RHP Butch Ramey
Pitching: LHP Juan Ortíz
Now in CF: Jermaine Carter
Now in RF: Juan López
Pinch Hitting: RHB Jesús Ibarra 0-0: Ground out 4-3 (Groundball, 4MD)
Batting: RHB Jim Beck 0-0: Foul Ball, location: 2F
0-1: Ground out 5-3 (Groundball, 56)
Batting: RHB Cho-yun Qiao 0-0: Ball
1-0: SOLO HOME RUN (Flyball, 78XD), Distance : 388 ft
Pinch Hitting: RHB Joe Edwards 0-0: Foul Ball, location: 2F
0-1: Called Strike
0-2: Strikes out swinging
Bottom of the 9th over - 1 run(s), 1 hit(s), 0 error(s), 0 left on base; West Palm 6 - Wichita 6
TOP OF THE 10TH
West Palm Reds batting - Pitching for Wichita Wranglers : LHP Tommy Campbell
Now at 2B: Kyle Nelson
Now in LF: Jesús Ibarra
Batting: RHB Félix García 0-0: Foul Ball, location: 2F
0-1: Ground out 1-3 (Groundball, 15)
Pinch Hitting: RHB Juan Vareas 0-0: SINGLE (Line Drive, 34D)
Pinch Hitting: RHB Ron Edwards 0-0: Called Strike
0-1: Ball
1-1: Swinging Strike
1-2: Ball
2-2: Ball
3-2: Base on Balls
Juan Vareas to second
Batting: RHB Lorenzo Guzmán 0-0: Fly out, F9 (Flyball, 9LS)
Batting: LHB Jeff Doss 0-0: Called Strike
0-1: DOUBLE (Groundball, 5L)
Juan Vareas scores
Ron Edwards to third
Runner from 3rd tries for Home, SAFE, no throw or cutoff
Batting: RHB Juan López 0-0: Called Strike
0-1: Ball
1-1: Foul Ball, location: 2F
1-2: Foul Ball, location: 2F
1-2: Ball
2-2: DOUBLE (Flyball, 89XD)
Jeff Doss scores
Pitching: LHP Carlos Aguilar
Batting: LHB Jeff McKinney 0-0: Swinging Strike
0-1: Swinging Strike
0-2: Ball
1-2: Ball
2-2: Fly out, F8 (Flyball, 8RD)
Top of the 10th over - 3 run(s), 3 hit(s), 0 error(s), 1 left on base; West Palm 9 - Wichita 6
BOTTOM OF THE 10TH
Wichita Wranglers batting - Pitching for West Palm Reds : LHP Juan Ortíz
Now at C: Alejandro Martínez
Now at 3B: Ánibal Martínez
Batting: RHB Bob Hall 0-0: Foul Ball, location: 2F
0-1: Foul Ball, location: 2F
0-2: Foul Ball, location: 2F
0-2: Ball
1-2: Foul Ball, location: 2F
1-2: Ground out 5-3 (Groundball, 5)
Batting: RHB George Clark 0-0: Ball
1-0: Ball
2-0: Ball
3-0: Base on Balls
Batting: RHB Luis Sánchez 0-0: Fly out, F8 (Flyball, 8LM)
Batting: LHB Jesús Tobías 0-0: Swinging Strike
0-1: Fly out, F7 (Flyball, 7LS)
Bottom of the 10th over - 0 run(s), 0 hit(s), 0 error(s), 1 left on base; West Palm 9 - Wichita 6
This league is powered by Out of the Park Baseball, the baseball management simulation game for PC, Mac and Linux
Wednesday, December 2nd, 2015 - OOTP Baseball 16.8 Build 38